 Dungeon Crawl Stone Soup version 0.29.0-13-gc9e81de378 (webtiles) character file.

Game seed: 14646488585367106770

177 SensoryNuts the Chopper (level 5, -1/46 HPs)
             Began as a Hill Orc Fighter on Sept 8, 2022.
             Slain by a gnoll
             ... wielding a +0 spear
              (2 damage)
             ... on level 2 of the Dungeon.
             The game lasted 00:01:43 (2150 turns).

SensoryNuts the Chopper (Hill Orc Fighter)          Turns: 2150, Time: 00:01:43

Health: -1/46      AC:  7    Str: 21    XL:     5   Next: 57%
Magic:  5/5        EV:  9    Int:  8    God:
Gold:   76         SH:  5    Dex: 10    Spells: 4/4 levels left

rFire   . . .      SeeInvis .   a - +1 war axe
rCold   . . .      Faith    .   c - +1 buckler
rNeg    . . .      Spirit   .   b - +0 scale mail
rPois   .          Reflect  .   (no helmet)
rElec   .          Harm     .   (no cloak)
rCorr   .          Rampage  .   (no gloves)
Will    .....                   (no boots)
Stlth   ..........              (no amulet)
HPRegen 0.15/turn               (no ring)
MPRegen 0.09/turn               (no ring)

@: hasted, very quick
A: no striking features
a: no special abilities


You were on level 2 of the Dungeon.
You visited 1 branch of the dungeon, and saw 2 of its levels.

You collected 76 gold pieces.

Inventory:

Hand Weapons
 a - a +1 war axe (weapon)
Armour
 b - a +0 scale mail (worn)
 c - a +1 buckler (worn)
Jewellery
 e - a ring of fire
 m - a +4 ring of evasion
 r - a ring of positive energy
Wands
 d - a wand of roots (6)
Scrolls
 f - 3 scrolls of identify
 k - a scroll of amnesia {unknown}
Potions
 g - a potion of attraction {unknown}
 h - 2 potions of ambrosia
 i - 2 potions of cancellation {unknown}
 j - a potion of brilliance


   Skills:
 + Level 4.2 Fighting
 * Level 5.8 Axes
 + Level 4.2 Armour
 + Level 0.4 Dodging
 + Level 3.6 Shields


You had 4 spell levels left.
You didn't know any spells.
Your spell library contained the following spells:

 Spells                   Type           Power      Damage    Failure   Level
 Magic Dart               Conj           0%         1d3       83%         1
 Sandblast                Erth           0%         2d4       83%         1
 Call Imp                 Summ           0%         N/A       92%         2
 Passwall                 Tmut/Erth      0%         N/A       92%         2
 Mephitic Cloud           Conj/Pois/Air  0%         N/A       99%         3
 Stone Arrow              Conj/Erth      0%         3d7       99%         3


Dungeon Overview and Level Annotations

Branches:
Dungeon (2/15)

Altars:

Shops:
D:2 [


Message History

You miss the adder. You block the adder's attack. The adder bites you.
You are poisoned.
The adder poisons you!
You closely miss the adder.
You feel sick. The adder bites you but does no damage.
You block the gnoll's attack. The gnoll barely misses you.
You closely miss the adder.
You feel sick. You block the adder's attack.
The gnoll barely misses you. x2; The adder barely misses you.
The gnoll barely misses you. x2; You block the gnoll's attack.
You barely miss the adder. You hit the gnoll.
You feel sick. You block the adder's attack. You block the gnoll's attack. x2
The gnoll hits you with a +0 flail! The adder bites you.
You hit the gnoll but do no damage.
The gnoll is moderately wounded.
You hit the adder.
You feel sick.
You are no longer poisoned.
You block the adder's attack.
The gnoll hits you from afar with a +0 spear.
You block the gnoll's attack. The adder bites you but does no damage.
The gnoll hits you with a +0 spear. The gnoll barely misses you.
The gnoll hits you with a +0 spear. The adder bites you but does no damage.
You hit the gnoll.
The gnoll is lightly wounded.
You hit the gnoll but do no damage. You closely miss the adder.
You hit the gnoll but do no damage. The gnoll hits you with a +0 spear.
The gnoll closely misses you. The gnoll hits you with a +0 spear.
The adder bites you but does no damage.
You hit the gnoll but do no damage. You barely miss the adder.
You barely miss the gnoll. You slash the gnoll! You block the adder's attack.
The gnoll hits you with a +0 spear. You block the gnoll's attack.
The gnoll hits you but does no damage. The adder bites you but does no damage.
The gnoll hits you with a +0 flail.
* * * LOW HITPOINT WARNING * * *
The gnoll barely misses you. The gnoll hits you with a +0 spear!
* * * LOW HITPOINT WARNING * * *
You feel yourself speed up. The adder bites you.
* * * LOW HITPOINT WARNING * * *
The gnoll hits you with a +0 spear.
You die...

############
##..........##
#............##
......"S......#
......g@g.....#
......g.......#
..............###
.............†.)######
#............##......###
##..........########....
########...........####
##...........###
#..............


You could see 3 gnolls and an adder.

Vanquished Creatures
  Natasha (thrice) (D:2)
  6 adders (D:2)
  A dart slug (D:1)
  2 ball pythons (D:1)
  An endoplasm (D:1)
  A giant cockroach (D:2)
  5 hobgoblins (D:1)
  4 jackals (D:1)
  8 kobolds
  3 quokkas
  4 bats
  2 frilled lizards
  4 goblins
  8 rats
52 creatures vanquished.

Notes
Turn   | Place    | Note
-------+----------+-------------------------------------------
     0 | D:1      | SensoryNuts the Hill Orc Fighter began the quest for the
                  | Orb.
     0 | D:1      | Reached XP level 1. HP: 19/19 MP: 1/1
   154 | D:1      | Reached skill level 3 in Axes
   154 | D:1      | Reached XP level 2. HP: 18/27 MP: 2/2
   376 | D:1      | Found a faded altar of an unknown god.
   462 | D:1      | Reached XP level 3. HP: 25/33 MP: 3/3
  1356 | D:2      | Found Amical's Armour Shoppe.
  1365 | D:2      | Noticed Natasha
  1381 | D:2      | Reached skill level 4 in Axes
  1390 | D:2      | Killed Natasha
  1391 | D:2      | Reached XP level 4. HP: 27/40 MP: 4/4
  1524 | D:2      | Noticed Natasha
  1528 | D:2      | Killed Natasha
  1529 | D:2      | Reached skill level 5 in Axes
  1585 | D:2      | Noticed Natasha
  1604 | D:2      | Killed Natasha
  1605 | D:2      | Reached XP level 5. HP: 15/46 MP: 5/5
  2149 | D:2      | HP: 2/46 [gnoll/+0 spear (7)]
  2150 | D:2      | Slain by a gnoll

Illustrated notes

Levels and vault maps discovered:
D:1:      co_arrival_random_square_maze, layout_rooms, basic_ecumenical_altar
D:2:      layout_rooms, serial_shops, shop_fountains, uniq_natasha,
          uniq_crazy_yiuf_cottage

Skill      XL: |  1  2  3  4  5 |
---------------+----------------+-----
Axes           | 3 4 5 |  5.8
Fighting       | 4 |  4.2
Armour         | 4 |  4.2
Dodging        | |  0.4
Shields        | |  3.6

Action                   |  1- 3 |  4- 6 || total
-------------------------+-------+-------++-------
Melee: War axe           |   104 |    59 ||   163
  Use: Scroll            |    10 |       ||    10
       Potion            |     2 |     1 ||     3
Armor: Scale mail        |    67 |    36 ||   103
Dodge: Dodged            |    64 |    34 ||    98
Block: Buckler           |    27 |    25 ||    52
